 Seeded DCSS version 0.30-a0-918-g0ff054e9dc (webtiles) character file.

Game seed: 13555036537017109050 (custom seed)

46 GigaChad the Shield-Bearer (level 3, 0/30 HPs)
             Began as a Formicid Fighter on Mar 20, 2023.
             Slain by a gnoll
             ... wielding a +0 spear
              (1 damage)
             ... on level 2 of the Dungeon.
             The game lasted 00:02:18 (922 turns).

GigaChad the Shield-Bearer (Formicid Fighter)        Turns: 922, Time: 00:02:18

Health: 0/30       AC:  7    Str: 22    XL:     3   Next: 92%
Magic:  12/12      EV:  9    Int:  9    God:
Gold:   53         SH: 10    Dex: 16    Spells: 2/2 levels left

rFire   + . .      SeeInvis +    a - +0 war axe
rCold   x . .      Faith    .    c - +0 buckler
rNeg    . . .      Spirit   .    b - +0 scale mail
rPois   .          Reflect  +    (helmet unavailable)
rElec   .          Rampage  +    (no cloak)
rCorr   .                        (no gloves)
Will    .....                    (no boots) Stlth
                                 l - amulet "Ogusast" {Reflect Rampage rC- Dex+3 SH+5}
HPRegen 0.25/turn                e - ring "Liatag" {rF+ MP+9 Int+2 SInv}
MPRegen 0.13/turn                (no ring)

@: no status effects
A: permanent stasis, dig shafts and tunnels, antennae 3, four strong arms
a: Dig, Shaft Self


You were on level 2 of the Dungeon.
You visited 1 branch of the dungeon, and saw 2 of its levels.

You collected 53 gold pieces.

Inventory:

Hand Weapons
 a - a +0 war axe (weapon)
Armour
 b - a +0 scale mail (worn)
 c - a +0 buckler (worn)
Jewellery
 e - the ring "Liatag" (left hand) {rF+ MP+9 Int+2 SInv}
   (You acquired it on level 1 of the Dungeon)

   [ring of magical power]

   Int:       It affects your intelligence (+2).
   rF:        It protects you from fire.
   MP:        It affects your magic capacity (+9).
   SInv:      It lets you see invisible.
 h - an amulet of the acrobat
 l - the amulet "Ogusast" (around neck) {Reflect Rampage rC- Dex+3 SH+5}
   (You acquired it on level 2 of the Dungeon)

   [amulet of reflection]

   It reflects blocked missile attacks.
   Dex:       It affects your dexterity (+3).
   rC:        It makes you vulnerable to cold.
   SH:        It affects your SH (+5).
   Rampage:   It bestows one free step when moving towards enemies.
Scrolls
 g - a scroll of identify {unknown}
 i - a scroll of teleportation {unknown}
 m - a scroll of blinking {unknown}
Potions
 d - 2 potions of might
 f - a potion of curing {unknown}
 j - 2 potions of haste {unknown}
 k - a potion of heal wounds {unknown}


   Skills:
 * Level 3.7 Fighting
 * Level 2.5 Axes
 * Level 3.7 Armour
 * Level 0.2 Dodging
 * Level 4.6 Shields
 * Level 0.2 Spellcasting


You had 2 spell levels left.
You didn't know any spells.
Your spell library was empty.

Dungeon Overview and Level Annotations

Branches:
Dungeon (2/15)

Altars:


Innate Abilities, Weirdness & Mutations

You cannot be hasted, slowed, berserked, paralysed or teleported.
You can dig through walls and to a lower floor.
You have a pair of large antennae on your head. (SInv)
Your four strong arms can wield two-handed weapons with a shield.


Message History

The gnoll hits you from afar with a +0 spear!
You are too injured to fight recklessly!
You are too injured to fight recklessly!
You are too injured to fight recklessly!
There are monsters nearby!
You barely miss the gnoll.
The gnoll is heavily wounded.
You block the gnoll's attack. The gnoll hits you with a +0 whip!
* * * LOW HITPOINT WARNING * * *
The gnoll hits you but does no damage. The gnoll completely misses you.
You barely miss the gnoll.
The gnoll is heavily wounded.
The endoplasm quivers.
The gnoll hits you with a +0 whip.
* * * LOW HITPOINT WARNING * * *
You block the gnoll's attack.
You closely miss the gnoll.
The gnoll is heavily wounded.
The gnoll barely misses you. The gnoll hits you but does no damage.
You barely miss the gnoll.
The gnoll is heavily wounded.
You block the gnoll's attack. The gnoll closely misses you.
The gnoll hits you but does no damage. The endoplasm hits you.
* * * LOW HITPOINT WARNING * * *
The gnoll closely misses you.
You closely miss the gnoll.
The gnoll is heavily wounded.
You barely miss the endoplasm. The gnoll hits you with a +0 whip.
* * * LOW HITPOINT WARNING * * *
You block the gnoll's attack. The endoplasm barely misses you.
You barely miss the gnoll.
The gnoll is heavily wounded.
You slash the endoplasm!
You kill the endoplasm!
You block the gnoll's attack. The gnoll closely misses you.
You barely miss the gnoll.
The gnoll is heavily wounded.
The gnoll barely misses you.
The gnoll hits you from afar with a +0 spear.
You die...

.....#...#...#..###.##
...#...#...#...#..#....
.#...#...#...#...#..#..
...#...#...#...#...#..#
.#...#...#...#...#....#
...#...#...#...#.!.#..#
.#...#...#...#...#....#
..(#...#...#...#...#..
.#...#...#...#..@#....#
...#...#...#...#g).#....
.#...#...#...#...#g...##
...#...#...#...#...#....
.#...#.).#...#...# . .#.
...#...#...#...#.. #. ..
.#...#...#...#...# #. <
#..#...#...#...#.. .#
##...#.(.#...#.


You could see 2 gnolls.

Vanquished Creatures
  2 gnolls (D:2)
  2 dart slugs
  An orc (D:2)
  4 endoplasms
  A giant cockroach (D:1)
  2 goblins (D:1)
  2 hobgoblins (D:1)
  2 bats
  A frilled lizard (D:1)
  2 kobolds (D:1)
  2 rats (D:1)
21 creatures vanquished.

Notes
Turn   | Place    | Note
-------+----------+-------------------------------------------
     0 | D:1      | GigaChad the Formicid Fighter began the quest for the Orb.
     0 | D:1      | Reached XP level 1. HP: 18/18 MP: 1/1
   278 | D:1      | Reached XP level 2. HP: 22/24 MP: 2/2
   436 | D:1      | Identified a scroll of acquirement
   436 | D:1      | Acquired the ring "Liatag" {rF+ MP+9 Int+2 SInv}
   809 | D:2      | Acquired the amulet "Ogusast" {Reflect Rampage rC- Dex+3
                  | SH+5}
   881 | D:2      | Reached XP level 3. HP: 26/29 MP: 3/3
   920 | D:2      | HP: 1/30 [gnoll/+0 whip (4)]
   922 | D:2      | Slain by a gnoll

Illustrated notes

Levels and vault maps discovered:
D:1:      dpeg_arrival_water_fire, layout_basic
D:2:      layout_basic, hex_large, reono_crystal_passage, st_stairs_2,
          minmay_tromino_v7, uniq_natasha

Action                     || total
---------------------------++-------
  Melee: War axe           ||    61
    Use: Scroll            ||     2
 Armour: Scale mail        ||    30
  Dodge: Dodged            ||    29
  Block: Buckler           ||    16
         Reflection        ||     1

Table legend: (Time is in decaauts)
 A = Elapsed time spent in this place.
 B = Non-inter-level travel time spent in this place.
 C = Inter-level travel time spent in this place.
 D = Time resting spent in this place.
 E = Time spent auto-exploring this place.
 F = Levels seen in this place.
 G = Mean time per level.
                   A        B        C        D        E       F      G
               +--------+--------+--------+--------+--------+-----+--------+
         Total |    946 |    852 |     94 |      0 |    671 |   2 |  473.0 |
       Dungeon |    946 |    852 |     94 |      0 |    671 |   2 |  473.0 |
               +--------+--------+--------+--------+--------+-----+--------+

Top non-repeatable levels by time:
     D:1: 813 daAuts
     D:2: 132 daAuts
